 Dungeon Crawl Stone Soup version 0.29.1-12-g30fa7ad0bf (webtiles) character file.

Game seed: 3160434168766143979

750 scionoferis the Sneak (level 7, 0/39 HPs)
             Began as a Vine Stalker Brigand on Dec 25, 2022.
             Slain by a gnoll sergeant
             ... wielding a +0 trident of venom
              (7 damage)
             ... on level 5 of the Dungeon.
             The game lasted 00:09:14 (3538 turns).

scionoferis the Sneak (Vine Stalker Brigand)        Turns: 3538, Time: 00:09:14

Health: 0/39       AC:  6    Str: 13    XL:     7   Next: 78%
Magic:  0/8        EV: 12    Int: 13    God:
Gold:   253        SH:  0    Dex: 18    Spells: 6/6 levels left

rFire   . . .      SeeInvis .   b - +4 whip of Untruth {venom, *Noise Fly rC+ Int+2}
rCold   + . .      Faith    .   (no shield)
rNeg    . . .      Spirit   +   n - +0 ring mail
rPois   +          Reflect  .   (no helmet)
rElec   .          Harm     .   c - +0 cloak
rCorr   .          Rampage  .   (no gloves)
Will    +....                   (no boots)
Stlth   +++.......              (no amulet)
HPRegen 0.93/turn               o - ring of willpower
MPRegen 0.11/turn               r - ring of poison resistance

@: flying
A: fangs 2, regeneration 1, magic shield, antimagic bite, no potion heal 2
a: no special abilities


You were on level 5 of the Dungeon.
You visited 1 branch of the dungeon, and saw 5 of its levels.

You collected 253 gold pieces.


Innate Abilities, Weirdness & Mutations

You have extremely sharp teeth.
Your natural rate of healing is unusually fast.
When hurt, damage is shared between your health and your magic reserves.
Your bite disrupts and absorbs the magic of your enemies.
Potions cannot restore your health.


   Skills:
 * Level 5.4 Fighting
 - Level 1.7 Short Blades
 - Level 1.7 Throwing
 + Level 2.8 Armour
 + Level 3.2 Dodging
 - Level 6.0 Stealth


You had 6 spell levels left.
You didn't know any spells.
Your spell library contained the following spells:

 Spells                   Type           Power      Damage    Failure   Level
 Magic Dart               Conj           0%         1d3       54%         1

Inventory:

Hand Weapons
 a - a +2 dagger
 b - the +4 whip of Untruth (weapon) {venom, *Noise Fly rC+ Int+2}
   (You found it on level 2 of the Dungeon)

   It poisons the flesh of those it strikes.
   Int:       It affects your intelligence (+2).
   rC:        It protects you from cold.
   Fly:       It grants you flight.
   *Noise:    It may make noises in combat.
Missiles
 d - 16 poisoned darts (quivered)
 e - 3 curare-tipped darts
Armour
 c - a +0 cloak (worn)
 n - a +0 ring mail (worn)
   (You found it on level 1 of the Dungeon)
Jewellery
 o - a ring of willpower (left hand)
   (You found it on level 2 of the Dungeon)
 p - a ring of see invisible
   (You found it on level 2 of the Dungeon)
 r - a ring of poison resistance (right hand)
   (You found it on level 2 of the Dungeon)
Scrolls
 g - 2 scrolls of teleportation {unknown}
 i - a scroll of immolation
 j - a scroll of fear
 s - a scroll of noise
 u - a scroll of blinking
 v - a scroll of enchant weapon
 y - a scroll of magic mapping {unknown}
Potions
 f - a potion of cancellation {unknown}
 h - a potion of lignification {unknown}
 k - 4 potions of might {unknown}
 l - a potion of mutation {unknown}
 m - a potion of haste {unknown}
 q - 3 potions of attraction {unknown}
 t - a potion of ambrosia {unknown}
 w - a potion of heal wounds {unknown}

Dungeon Overview and Level Annotations

Branches:
Dungeon (5/15)
 Temple: D:4-7

Altars:
Kikubaaqudgha
Makhleb
Sif Muna
Vehumet
Xom

......................)))........
##########################....##.
#...........#....#..
#.#########.######.#
#.#<#.#...#.#...##.#
#.#)#.....#.#.#.##.#
#.#.#.###.#.#.#.##.#
#.#.#.#.....#.#.##.#
#.#@#.#.....#.#.##.#
#.#g#.#.....#.#.##.#
#.#.#.#.........##..
#.#.#.+.....#.######
#.#.###....##.# #.#.###....##.# #
#.#...........######
#.####h..##.........
#....'...++.........


You could see a gnoll sergeant (extremely poisoned).


Message History

You fly downwards.
There is a stone staircase leading up here.
You see here a bat skeleton.
There is a stone staircase leading down here.
A kobold comes into view. It is wielding a +0 club.
No target in view!
Found a scroll labelled DOACAV TESSODGHYL.
You hit the kobold.
You kill the kobold!
You now have 71 gold pieces (gained 6).
You see here a +0 club.
A quokka is nearby!
A quokka is nearby!
You hit the quokka but do no damage.
The quokka is poisoned.
Your bite misses the quokka. The quokka barely misses you.
You hit the quokka but do no damage.
The quokka is moderately wounded.
The quokka bites you but does no damage.
The ball python hisses angrily.
You hit the quokka.
You kill the quokka!
Your Armour skill increases to level 1!
You see here a quokka corpse.
The ball python barely misses you. The ball python closely misses you.
You barely miss the ball python. You bite the ball python. You drain its power.
The ball python is moderately wounded.
The ball python bites you but does no damage.
The ball python grabs you. The ball python constricts you.
You hit the ball python.
You kill the ball python!
No target in view!
No target in view!
l - 3 scrolls labelled DOACAV TESSODGHYL (gained 1)
Found a stone staircase leading down.
You now have 85 gold pieces (gained 14).
You see here a quokka corpse.
Natasha, Servant of Life and Death comes into view.
You hit Natasha.
Natasha is poisoned.
You bite Natasha, but do no damage.
Natasha is moderately wounded.
Natasha drinks a potion.
Natasha is healed!
Natasha looks more healthy.
You hit Natasha. Your punch misses Natasha. Your bite misses Natasha.
Natasha is moderately wounded.
Natasha closely misses you. Natasha claws you!
You whack Natasha!
Natasha is almost dead.
Natasha mewls in sadness.
Natasha barely misses you.
You closely miss Natasha.
Natasha is almost dead.
Natasha claws you.
You whack Natasha!
You kill Natasha!
Natasha growls in agony!
Jessica the Apprentice Sorceress comes into view.
She is wielding a +0 club.
You have reached level 5!
You start resting.
You hear a zap.
You hear a grinding noise.
Magic restored.
You hear a zap.
You hear a grinding noise.
You hear a zap.
You hear a grinding noise.
Found a sapphire ring.
Jessica shouts!
You hear a zap.
You hear a grinding noise.
Jessica hits you but does no damage.
You hit Jessica.
Jessica is moderately wounded.
Jessica closely misses you.
You hit Jessica but do no damage. You bite Jessica.
Jessica's magic leaks into the air.
You drain her magic.
Jessica is heavily wounded.
Jessica hits you with a +0 club.
You hit Jessica.
Jessica is poisoned.
You bite Jessica.
You kill Jessica!
You hear a zap.
You hear a grinding noise.
q - a white potion
Things that are here:
a +0 club; a +0 robe; the human corpse of Jessica
l - 4 scrolls labelled DOACAV TESSODGHYL (gained 1)
Things that are here:
a +0 club; a +0 robe; the human corpse of Jessica
r - a ring of poison resistance You're wearing all the rings you can.
Remove which one? (? for menu, Esc to cancel) < or
o - a ring of willpower; > or
p - a ring of see invisible You remove your ring of see invisible.
r - a ring of poison resistance (right hand)
You now have 90 gold pieces (gained 5).
You see here a +0 ring mail.
You now have 101 gold pieces (gained 11).
Items here: ( )) ÷÷.
A bat comes into view.
A hobgoblin comes into view.
You barely miss the bat. You bite the bat, but do no damage.
The bat misses you. The bat closely misses you.
You hit the bat.
The bat is poisoned.
The bat is moderately wounded.
The bat hits you but does no damage. x2; The hobgoblin hits you.
You barely miss the hobgoblin. The bat hits you but does no damage.
The bat barely misses you. The hobgoblin closely misses you.
You hit the hobgoblin.
The hobgoblin is poisoned.
Your whip of Untruth sputters and hisses.
You bite the hobgoblin, but do no damage.
The hobgoblin is severely wounded.
You hear a shout!
You hear an angry hiss.
You kill the bat!
You kill the hobgoblin!
s - a scroll labelled IGIDAIF NIESS You now have 110 gold pieces (gained 9).
You see here a hobgoblin corpse.
You see here a bat corpse.
Natasha, Servant of Life and Death comes into view.
You closely miss Natasha. You bite Natasha.
Natasha's magic leaks into the air.
You drain her magic.
Natasha is moderately wounded.
Natasha howls an incantation.
Natasha glows brightly for a moment.
Natasha barely misses you.
You hit Natasha but do no damage. You bite Natasha.
Natasha's magic leaks into the air.
You drain her magic.
Natasha is severely wounded.
Natasha falters for a moment.
You closely miss Natasha. Your bite misses Natasha.
Natasha is severely wounded.
Natasha claws you. Natasha closely misses you.
You hit Natasha but do no damage.
Natasha is poisoned.
You bite Natasha, but do no damage.
Natasha is severely wounded.
Natasha falters for a moment.
You barely miss Natasha.
Natasha is severely wounded.
Natasha barely misses you.
You closely miss Natasha. Your bite misses Natasha.
Natasha is severely wounded.
Natasha completely misses you.
You closely miss Natasha.
Natasha is almost dead.
Natasha falters for a moment.
You closely miss Natasha. You bite Natasha.
You kill Natasha!
Suddenly Natasha's spirit rises from her lifeless body.
Your Dodging skill increases to level 2!
You see here the felid corpse of Natasha.
t - a fuming emerald potion Natasha, Servant of Life and Death comes into view.
Natasha closely misses you.
You hit Natasha.
Natasha is poisoned.
You bite Natasha.
Natasha's magic leaks into the air.
You drain her magic.
Natasha is heavily wounded.
Natasha claws you but does no damage.
You closely miss Natasha. You bite Natasha.
You kill Natasha!
You feel Natasha's spirit has finally been put to rest.
You see here a quokka corpse.
u - a scroll labelled ZAFFAK JESSOSK
q - 2 white potions (gained 1)
A rat comes into view.
A rat is nearby!
You closely miss the rat. The rat closely misses you.
You hit the rat.
Your whip of Untruth makes a tutting noise.
You kill the rat!
You hear a shout!
You see here a rat corpse.
Found a robe.
You now have 114 gold pieces (gained 4).
Found a hand axe.
A quokka comes into view.
You hit the quokka.
The quokka is poisoned.
Your bite misses the quokka.
The quokka is severely wounded.
The quokka barely misses you.
You miss the quokka. You bite the quokka.
You kill the quokka!
No target in view!
Done exploring.
Done exploring.
There is a stone staircase leading down here.
Search for what [Enter for "ring", or ? for help]? : Unknown command.
You fly downwards.
Found a leather armour.
There is a stone staircase leading up here.
As you read the scroll labelled DOACAV TESSODGHYL, it crumbles to dust.
It is a scroll of identify.
i - a scroll of immolation
As you read the scroll of identify, it crumbles to dust.
j - a scroll of fear
As you read the scroll of identify, it crumbles to dust.
s - a scroll of noise
As you read the scroll of identify, it crumbles to dust.
u - a scroll of blinking A hobgoblin comes into view.
Found a scroll labelled OZIMYU PYPODGH and a murky black potion.
Found a club.
The helpless hobgoblin fails to defend itself.
You hit the hobgoblin but do no damage.
The hobgoblin is poisoned.
You bite the hobgoblin. You drain its power.
The hobgoblin is heavily wounded.
The hobgoblin hits you.
A hobgoblin is nearby!
You hit the hobgoblin.
You kill the hobgoblin!
No target in view!
You now have 131 gold pieces (gained 17).
A ball python comes into view.
You see here a hobgoblin corpse.
A ball python is nearby!
The ball python hisses angrily.
You closely miss the ball python. Your bite misses the ball python.
The ball python bites you. The ball python grabs you.
The ball python constricts you.
You whack the ball python!
You kill the ball python!
No target in view!
l - a murky black potion
v - a scroll labelled OZIMYU PYPODGH
Found a stone staircase leading down.
There is a stone staircase leading down here.
k - 2 fizzy black potions (gained 1)
You now have 138 gold pieces (gained 7).
An adder comes into view.
The adder hisses angrily.
The adder bites you but does no damage.
You completely miss the adder. Your bite misses the adder.
The adder bites you but does no damage. x2
You miss the adder. You bite the adder. You drain its power.
The adder is lightly wounded.
The adder bites you.
You miss the adder.
The adder is lightly wounded.
The adder bites you. The adder closely misses you.
You hit the adder.
The adder is poisoned.
Your bite misses the adder.
The adder is moderately wounded.
The adder barely misses you.
You hit the adder.
The adder looks as sick as possible!
The adder is heavily wounded.
The adder bites you but does no damage. The adder bites you.
You hit the adder.
You kill the adder!
Training target 6.0 for Stealth reached!
Your Stealth skill increases to level 6!
You have reached level 6!
Magic restored.
A bat comes into view.
Found a battleaxe.
Found a stone staircase leading up.
The bat closely misses you. The bat hits you. The bat closely misses you.
The bat hits you but does no damage.
You completely miss the bat. You bite the bat. You drain its power.
The bat is severely wounded.
The bat hits you but does no damage. The bat misses you.
The bat barely misses you. The bat hits you but does no damage.
You hit the bat.
You kill the bat!
No target in view!
You see here a bat corpse.
A goblin comes into view. It is wielding a +0 club.
A goblin is nearby!
The goblin shouts!
You hear a bark!
No target in view!
No target in view!
The goblin hits you but does no damage.
You hit the goblin.
You kill the goblin!
Found a mace.
You see here a +0 club.
A jackal comes into view.
A jackal is nearby!
The jackal barks!
You whack the jackal!
You kill the jackal!
No target in view!
A jackal comes into view.
A kobold comes into view. It is wielding a +0 club.
The kobold moves out of view.
You barely miss the jackal. The jackal bites you.
An adder comes into view.
The jackal bites you but does no damage.
The adder hisses angrily.
You hit the jackal. Your bite misses the jackal.
The jackal is severely wounded.
The jackal bites you but does no damage.
A rat comes into view.
You hit the jackal.
You kill the jackal!
A ball python comes into view.
You closely miss the adder. Your bite misses the adder.
The adder barely misses you. The adder bites you but does no damage.
You miss the adder. You bite the adder. You drain its power.
The adder is heavily wounded.
The adder barely misses you.
You whack the adder!
You kill the adder!
The rat bites you but does no damage.
You barely miss the rat. Your punch misses the rat. You bite the rat.
You drain its power.
The rat is severely wounded.
The rat misses you.
You barely miss the rat.
The rat is severely wounded.
The rat bites you.
You closely miss the rat. Your bite misses the rat.
The rat is severely wounded.
The rat barely misses you.
You whack the rat!
You kill the rat!
You hit the kobold.
The kobold is poisoned.
The kobold is heavily wounded.
The kobold hits you but does no damage.
You hit the kobold.
You kill the kobold!
Things that are here:
a +0 club; 4 stones; a kobold corpse A bat comes into view.
The bat hits you. The bat hits you but does no damage.
You hit the bat.
You kill the bat!
No target in view!
Found a mace.
A ball python is nearby!
Found an escape hatch in the floor.
The ball python barely misses you. The ball python closely misses you.
You hit the ball python.
You kill the ball python!
No target in view!
Found a stone staircase leading down.
There is a stone staircase leading down here.
Found a faded altar of an unknown god.
A dart slug comes into view.
Found a trident.
A dart slug is nearby!
A kobold comes into view.
It is wielding a +0 dagger and quivering poisoned darts.
The kobold shouts!
The kobold closely misses you.
You barely miss the kobold. You bite the kobold, but do no damage.
The kobold closely misses you. The dart slug launches a dart at you.
The slug dart hits you but does no damage.
You miss the kobold.
You hear the distant roaring of an enraged frog.
You hear a shout!
You hear an angry hiss.
The kobold closely misses you. The kobold hits you but does no damage.
You whack the kobold!
You kill the kobold!
You hit the dart slug.
The dart slug is poisoned.
You bite the dart slug, but do no damage.
The dart slug is lightly wounded.
You hit the dart slug.
The dart slug looks even sicker.
You bite the dart slug.
You kill the dart slug!
No target in view!
d - 13 poisoned darts (gained 4)
You see here a +0 dagger.
A hobgoblin comes into view.
The hobgoblin closely misses you.
You hit the hobgoblin.
The hobgoblin is poisoned.
The hobgoblin is almost dead.
You kill the hobgoblin!
No target in view!
You now have 152 gold pieces (gained 14).
A ball python comes into view.
A ball python is nearby!
You closely miss the ball python. Your punch misses the ball python.
You bite the ball python.
You kill the ball python!
No target in view!
A kobold comes into view. It is wielding a +0 whip.
The kobold shouts!
You hit the kobold but do no damage. The kobold hits you but does no damage.
You hit the kobold.
You kill the kobold!
No target in view!
A kobold comes into view. It is wielding a +0 short sword.
The kobold shouts!
Found 7 stones.
A jackal comes into view. x2
The kobold hits you but does no damage.
You closely miss the kobold.
The jackal barks! x2
Your bite misses the kobold. The kobold misses you.
You hit the kobold.
You kill the kobold!
Terence the Incautious comes into view.
He is wielding a +2 flail of protection.
You see here a +0 short sword.
You closely miss the jackal. Your bite misses the jackal. The jackal bites you.
The jackal barely misses you.
You barely miss the jackal. Your bite misses the jackal.
The jackal bites you but does no damage.
The jackal barely misses you. The jackal misses you. x2
The jackal attacks as you move away!
The jackal bites you but does no damage.
The jackal barely misses you. The jackal misses you.
The jackal attacks as you move away!
The jackal bites you but does no damage.
The jackal attacks as you move away! The jackal completely misses you.
The jackal barely misses you.
You barely miss the jackal.
The jackal bites you but does no damage.
You closely miss the jackal. You bite the jackal, but do no damage.
The jackal barely misses you.
The jackal bites you but does no damage.
You closely miss the jackal. You bite the jackal. You drain its power.
The jackal is almost dead.
The jackal bites you but does no damage.
Terence screams, "I want your blood!"
You hit the jackal.
You kill the jackal!
The jackal barely misses you.
You whack the jackal!
You kill the jackal!
Your Fighting skill increases to level 4!
You hit Terence but do no damage.
Terence is poisoned.
Terence closely misses you.
You hit Terence but do no damage.
Terence looks as sick as possible!
Terence closely misses you.
You hit Terence.
Terence looks as sick as possible!
You bite Terence, but do no damage.
Terence is moderately wounded.
Terence hits you but does no damage.
You hit Terence.
Terence looks as sick as possible!
Your bite misses Terence.
Terence is heavily wounded.
Terence hits you with a +2 flail of protection. x2
You hit Terence.
Terence looks as sick as possible!
Your bite misses Terence.
Terence is severely wounded.
Terence hits you with a +2 flail of protection.
You completely miss Terence. You bite Terence, but do no damage.
Terence is almost dead.
You kill Terence!
w - a bubbling sapphire potion
Items here: ) [ ††.
Okay, then.
HP restored.
Found a stone staircase leading down.
You now have 160 gold pieces (gained 8).
Items here: ) [ ††.
You reach down and open the door.
A crimson imp comes into view. It is wielding a +0 dagger of chaos.
Found a burning altar of Makhleb and a shimmering altar of Xom.
There is an open door here.
The helpless crimson imp fails to defend itself.
You hit the crimson imp.
The crimson imp is lightly wounded.
The crimson imp hits you with a +0 dagger of chaos.
The crimson imp burns you.
You miss the crimson imp.
The crimson imp blinks!
The crimson imp blinks!
You start resting.
A crimson imp is nearby!
You hit the crimson imp.
The crimson imp is poisoned.
Your bite misses the crimson imp.
The crimson imp is heavily wounded.
The crimson imp closely misses you.
You hit the crimson imp.
You kill the crimson imp!
There is an open door here.
You see here a +0 dagger of chaos.
Magic restored.
There is a stone staircase leading up here.
You see here a +0 dagger.
Found an escape hatch in the ceiling.
Found a stone staircase leading up.
You now have 165 gold pieces (gained 5).
There is an escape hatch in the ceiling here.
You now have 176 gold pieces (gained 11).
Done exploring.
Done exploring.
Unknown command.
You see here a +0 trident.
There is an escape hatch in the floor here.
There is a stone staircase leading down here.
You fly downwards.
Found a club.
There is a stone staircase leading up here.
A scorpion comes into view.
A gnoll comes into view. It is wielding a +0 club.
A goblin comes into view. It is wielding a +0 dagger.
Found a quarterstaff and a scroll of identify.
The helpless scorpion fails to defend itself.
You hit the scorpion.
The scorpion is poisoned.
You bite the scorpion. You drain its power.
The scorpion is moderately wounded.
The scorpion closely misses you.
You barely miss the scorpion. Your punch misses the scorpion.
You bite the scorpion, but do no damage.
The scorpion is almost dead.
The scorpion closely misses you.
You closely miss the scorpion. Your bite misses the scorpion.
The scorpion is almost dead.
You kill the scorpion!
Your Armour skill increases to level 2!
Found a stone staircase leading up.
The helpless goblin fails to defend itself.
You hit the goblin.
The goblin is poisoned.
Your bite misses the goblin.
The goblin is moderately wounded.
The goblin hits you but does no damage.
You hit the goblin.
You hear an angry buzzing noise.
You kill the goblin!
You hear a shout! x3; You hear an angry hiss.
You hear a shout! x3
Things that are here:
a +0 dagger; a goblin corpse An ufetubus comes into view.
The ufetubus barely misses you.
The ufetubus hits you but does no damage.
You closely miss the ufetubus. The ufetubus closely misses you.
The ufetubus hits you.
You miss the ufetubus. Your bite misses the ufetubus. The ufetubus hits you. x2
The ufetubus closely misses you. x2
You hit the ufetubus.
The ufetubus is heavily wounded.
The ufetubus barely misses you.
The ufetubus hits you but does no damage.
You hit the ufetubus.
The ufetubus is poisoned.
The ufetubus is almost dead.
You kill the ufetubus!
A goblin comes into view. It is wielding a +0 dagger.
A hobgoblin comes into view.
The hobgoblin shouts!
A gnoll comes into view. It is wielding a +0 club.
A gnoll bouda comes into view. It is wielding a +0 club.
You whack the hobgoblin!
You kill the hobgoblin!
You hit the goblin.
The goblin is poisoned.
You bite the goblin.
You kill the goblin!
A gnoll comes into view. It is wielding a +0 halberd.
The gnoll moves out of view.
Items here: ! ) ††.
The gnoll shouts!
You hear a shout!
The gnoll shouts! x2; You hear a shout!
You hit the gnoll.
Your whip of Untruth wails.
You bite the gnoll, but do no damage.
The gnoll is moderately wounded.
You hear a shout!
You hear an angry hiss.
You hear a shout!
The gnoll hits you with a +0 club.
You hit the gnoll.
The gnoll is poisoned.
You bite the gnoll. You drain its power.
You feel invigorated.
The gnoll is almost dead.
You kill the gnoll!
There is a stone staircase leading up here.
You hit the gnoll.
The gnoll is poisoned.
You bite the gnoll, but do no damage.
The gnoll is moderately wounded.
The gnoll hits you with a +0 club.
You closely miss the gnoll. Your bite misses the gnoll.
The gnoll is moderately wounded.
The gnoll hits you with a +0 club.
You hit the gnoll.
The gnoll looks as sick as possible!
The gnoll is severely wounded.
The gnoll hits you with a +0 club.
The gnoll bouda barks out a call to the hunt!
The gnoll picks up the pace!
You kill the gnoll!
You fly upwards.
There is a stone staircase leading down here.
Unknown command.
You start resting.
HP restored.
You start resting.
Magic restored.
You fly downwards.
A gnoll comes into view. It is wielding a +0 whip.
There is a stone staircase leading up, spattered with blood here.
The gnoll bouda gazes fiercely through you!
You feel your attacks grow feeble.
A gnoll comes into view. It is wielding a +0 halberd.
The gnoll bouda hits you with a +0 club!
You fly upwards.
There is a stone staircase leading down here.
You hit the gnoll bouda but do no damage.
The gnoll bouda is poisoned.
Your attacks no longer feel as feeble.
The gnoll bouda barely misses you.
You barely miss the gnoll bouda.
The gnoll bouda hits you with a +0 club.
You hit the gnoll bouda.
The gnoll bouda looks as sick as possible!
The gnoll bouda is moderately wounded.
The gnoll bouda hits you with a +0 club.
You closely miss the gnoll bouda.
The gnoll bouda is moderately wounded.
The gnoll bouda misses you.
You hit the gnoll bouda.
The gnoll bouda looks as sick as possible!
The gnoll bouda is severely wounded.
The gnoll bouda gazes fiercely through you!
You feel your attacks grow feeble.
The gnoll bouda hits you with a +0 club.
You hit the gnoll bouda but do no damage.
The gnoll bouda looks as sick as possible!
You bite the gnoll bouda, but do no damage.
The gnoll bouda is severely wounded.
The gnoll bouda utters an invocation to its god.
The gnoll bouda is healed somewhat.
You hit the gnoll bouda but do no damage.
The gnoll bouda looks as sick as possible!
You bite the gnoll bouda. You drain its power.
You feel invigorated.
The gnoll bouda is severely wounded.
The gnoll bouda hits you with a +0 club!
You hit the gnoll bouda.
The gnoll bouda is severely wounded.
Your attacks no longer feel as feeble.
The gnoll bouda gazes fiercely through you!
You feel your attacks grow feeble.
The gnoll bouda hits you with a +0 club!
You hit the gnoll bouda but do no damage.
You bite the gnoll bouda, but do no damage.
The gnoll bouda is almost dead.
You kill the gnoll bouda!
You have reached level 7!
Things that are here:
a +0 club; a +0 robe; a gnoll corpse
There is a stone staircase leading down, spattered with blood here.
You start resting.
Your attacks no longer feel as feeble.
You start resting.
HP restored.
You start resting.
Magic restored.
You fly downwards.
The gnoll closely misses you.
There is a stone staircase leading up, spattered with blood here.
The gnoll closely misses you.
You fly upwards.
There is a stone staircase leading down, spattered with blood here.
You closely miss the gnoll. You bite the gnoll. You drain its power.
The gnoll is moderately wounded.
The gnoll hits you with a +0 halberd. The gnoll closely misses you.
You whack the gnoll!
You kill the gnoll!
You see here a +0 halberd.
There is a stone staircase leading down, spattered with blood here.
You start waiting.
Done waiting.
You fly downwards.
The quokka bites you. The gnoll barely misses you.
The quokka barely misses you. The gnoll barely misses you.
There is a stone staircase leading up, spattered with blood here.
You hit the quokka.
You kill the quokka!
The gnoll closely misses you. The gnoll closely misses you.
Things that are here:
a +0 club; a gnoll corpse You hit the gnoll.
The gnoll is poisoned.
Your whip of Untruth dwells on sagas on the days of yore.
The gnoll is moderately wounded.
You hear an angry hiss. x2; You hear a shout!
The gnoll barely misses you.
You hit the gnoll.
The gnoll looks as sick as possible!
The gnoll is severely wounded.
The gnoll barely misses you.
You hit the gnoll.
You kill the gnoll!
You hit the gnoll.
The gnoll is poisoned.
You bite the gnoll. You drain its power.
You feel invigorated.
The gnoll is heavily wounded.
The gnoll barely misses you.
You hit the gnoll.
You kill the gnoll!
An adder comes into view.
Items here: $ ))) ††.
Throw: 13 darts (poison)
Press: ? - help, Q - select action, (/) - cycle Shift-Dir - straight line, f - adder
Aim: an adder (wandering, hasn't noticed you, 46% to hit)
You throw a poisoned dart. The poisoned dart hits the adder.
The adder is poisoned.
The adder hisses angrily.
An adder comes into view.
You barely miss the adder. You bite the adder. You drain its power.
The adder is moderately wounded.
The adder bites you.
You whack the adder!
You kill the adder!
The adder barely misses you.
You hit the adder. You bite the adder. You drain its power.
You feel invigorated.
The adder is heavily wounded.
The adder completely misses you.
You hit the adder.
You kill the adder!
Things that are here:
a +0 club; a gnoll corpse You now have 186 gold pieces (gained 10).
Items here: ))) ††.
d - 13 poisoned darts (gained 1)
You see here an adder corpse.
x - a potion of curing
Things that are here:
a +0 dagger; a goblin corpse; a hobgoblin corpse
y - a scroll of identify
As you read the scroll of identify, it crumbles to dust.
v - a scroll of enchant weapon A goblin comes into view.
It is wielding a +0 club.
Found a stone staircase leading down.
Found a white potion, a ring mail and a rapier.
Found a stone staircase leading up.
There is a stone staircase leading down here.
The goblin shouts!
You hit the goblin. You bite the goblin.
You kill the goblin!
k - 3 fizzy black potions (gained 1)
You now have 204 gold pieces (gained 18).
You see here a +0 club.
q - 3 white potions (gained 1)
You now have 217 gold pieces (gained 13).
A dart slug comes into view.
A hound comes into view.
Found 5 stones.
You strike the helpless hound from behind!
You hit the hound. You bite the hound. You drain its power.
The hound is moderately wounded.
The hound bites you but does no damage. x2
You completely miss the hound. Your bite misses the hound.
The hound is moderately wounded.
The hound bites you but does no damage. The hound closely misses you.
You closely miss the hound. You bite the hound, but do no damage.
The hound is moderately wounded.
The hound bites you. The dart slug barely misses you.
You hit the hound.
The hound is heavily wounded.
The hound closely misses you. The hound barely misses you.
The dart slug bites you but does no damage.
You hit the hound but do no damage. Your bite misses the hound.
The hound is heavily wounded.
The hound bites you. The dart slug launches a dart at you.
The slug dart misses you. The hound barely misses you.
You hit the hound. Your bite misses the hound.
The hound is severely wounded.
An adder comes into view.
The hound completely misses you.
You completely miss the hound.
The adder hisses angrily.
You bite the hound.
You kill the hound!
The dart slug barely misses you.
You hit the dart slug.
The dart slug is poisoned.
You bite the dart slug. You drain its power.
The dart slug is lightly wounded.
The dart slug closely misses you.
You whack the dart slug!
You kill the dart slug!
The adder bites you.
You hit the adder.
The adder is poisoned.
Your bite misses the adder.
The adder is heavily wounded.
The adder bites you. The adder barely misses you.
You hit the adder.
You kill the adder!
No target in view!
HP restored.
Found a stone staircase leading down.
An orc comes into view. It is wielding a +0 club.
The orc moves out of view.
The orc shouts!
An adder comes into view.
You hit the orc but do no damage. You bite the orc. You drain its power.
The orc is severely wounded.
The orc hits you but does no damage.
You hit the orc.
You kill the orc!
Things that are here:
a +0 club; a +0 leather armour; an orc corpse
Found 10 gold pieces.
You now have 227 gold pieces (gained 10).
d - 16 poisoned darts (gained 3)
An adder comes into view.
Found a flail.
The adder hisses angrily.
The adder bites you but does no damage.
You barely miss the adder. Your bite misses the adder.
The adder bites you but does no damage. The adder closely misses you.
You miss the adder. You bite the adder. You drain its power.
The adder is moderately wounded.
The adder closely misses you.
You hit the adder.
The adder is poisoned.
Your bite misses the adder.
The adder is moderately wounded.
The adder barely misses you. The adder bites you but does no damage.
You miss the adder. Your bite misses the adder.
The adder is moderately wounded.
The adder bites you but does no damage.
You miss the adder. Your bite misses the adder.
The adder is moderately wounded.
The adder closely misses you.
You whack the adder!
You kill the adder!
No target in view!
k - 4 fizzy black potions (gained 1)
Found a radiant altar of Vehumet and an ancient bone altar of Kikubaaqudgha.
Found a shimmering blue altar of Sif Muna.
You pick up Vehumet's Catalogue of Outbursts and begin reading...
You add the spell Magic Dart to your library.
You see here a +0 quarterstaff.
You see here a +0 rapier.
Found a falchion.
You see here a +0 dagger.
Found a stone staircase leading down.
There is a stone staircase leading down here.
Done exploring.
Done exploring.
Search for what [Enter for ":", or ? for help]? d: Unknown command.
Done exploring.
Unknown command.
There is a stone staircase leading up here.
There is a stone staircase leading down here.
You fly downwards.
There is a stone staircase leading up here.
y - a scroll labelled MAEBUA VIYCSY You now have 242 gold pieces (gained 15).
A howler monkey comes into view.
The howler monkey howls!
The howler monkey hits you but does no damage.
You hit the howler monkey.
The howler monkey is moderately wounded.
The howler monkey hits you.
You closely miss the howler monkey. You bite the howler monkey.
You drain its power.
You feel invigorated.
The howler monkey is heavily wounded.
The howler monkey barely misses you.
You barely miss the howler monkey. You bite the howler monkey.
You drain its power.
The howler monkey is severely wounded.
The howler monkey hits you.
You hit the howler monkey.
The howler monkey is poisoned.
You bite the howler monkey.
You kill the howler monkey!
Your Fighting skill increases to level 5!
No target in view!
HP restored.
You now have 253 gold pieces (gained 11).
An iguana comes into view.
Found a stone staircase leading down.
The iguana hisses angrily.
You closely miss the iguana. You bite the iguana, but do no damage.
The iguana barely misses you.
You closely miss the iguana. Your bite misses the iguana.
The iguana barely misses you.
You hit the iguana.
The iguana is poisoned.
Your bite misses the iguana.
The iguana is lightly wounded.
The iguana bites you!
You hit the iguana but do no damage. Your bite misses the iguana.
The iguana is moderately wounded.
The iguana closely misses you.
You hit the iguana but do no damage.
The iguana is heavily wounded.
The iguana closely misses you.
You barely miss the iguana. You bite the iguana. You drain its power.
You feel invigorated.
The iguana is heavily wounded.
The iguana bites you. The iguana barely misses you.
You hit the iguana.
You kill the iguana!
Your Dodging skill increases to level 3!
Magic restored.
You reach down and open the door.
An orc priest and 4 orcs come into view.
The orc shouts! x3
You reach down and close the door.
An orc breaks down the door.
You barely miss the orc. You bite the orc. You drain its power.
The orc is moderately wounded.
The orc hits you but does no damage.
You closely miss the orc. You bite the orc.
You kill the orc!
You hit the orc. You bite the orc.
You kill the orc!
The orc hits you but does no damage.
Items here: )) ††.
You hit the orc.
The orc is poisoned.
The orc is lightly wounded.
The orc closely misses you.
You hit the orc but do no damage.
The orc looks as sick as possible!
Your bite misses the orc.
The orc is heavily wounded.
The orc closely misses you.
The orc priest miscasts a cantrip.
You closely miss the orc. You bite the orc.
You kill the orc!
You barely miss the orc. The orc barely misses you.
You whack the orc!
You kill the orc!
The orc priest miscasts a cantrip.
The orc priest hits you but does no damage.
Items here: )) [ †.
You hit the orc priest.
The orc priest is poisoned.
You punch the orc priest, but do no damage.
You bite the orc priest, but do no damage.
The orc priest is moderately wounded.
The orc priest closely misses you.
The orc priest hits you but does no damage.
You whack the orc priest!
You kill the orc priest!
Things that are here:
a +0 short sword; a +0 ring mail; an orc corpse
Items here: )) [ †.
Items here: )) ††.
There is a stone staircase leading down here.
A jelly comes into view.
The helpless jelly fails to defend itself.
You whack the jelly!
Your hands burn!
The jelly is heavily wounded.
The jelly hits you.
You are splashed with acid!
You hit the jelly.
The jelly is poisoned.
Your hands burn!
Your bite misses the jelly.
The jelly is almost dead.
The jelly hits you but does no damage.
You hit the jelly.
You kill the jelly!
A hound comes into view.
The hound barks!
The hound closely misses you.
You hit the hound.
The hound is poisoned.
You bite the hound. You drain its power.
The hound is heavily wounded.
The hound bites you but does no damage. The hound misses you.
You closely miss the hound. Your bite misses the hound.
The hound is heavily wounded.
The hound bites you but does no damage. The hound misses you.
You hit the hound.
The hound looks even sicker.
You bite the hound. You drain its power.
The hound is severely wounded.
The hound bites you.
You hit the hound.
You kill the hound!
You reach down and open the door.
There is an open door here.
You reach down and open the door.
There is an open door here.
Found a stone staircase leading down.
Unknown command.
A gnoll comes into view. It is wielding a +0 club.
A howler monkey and an ogre come into view.
Found a pair of glowing gloves.
A gnoll sergeant comes into view. It is wielding a +0 trident of venom.
The gnoll shouts!
The howler monkey howls!
You hear a shout!
The howler monkey hoots and howls with incredible vigour!
You hear a bark!
You hear a shout! x2; You hear a bark!
The howler monkey hoots and howls with incredible vigour!
You hear a shout!
You hear a bark!
There is an open door here.
You hear a distant slurping noise.
The howler monkey hoots and howls with incredible vigour!
You hear a bark! x2; You hear a shout!
The howler monkey hoots and howls with incredible vigour!
The howler monkey hoots and howls with incredible vigour!
There is a stone staircase leading up here.
The howler monkey hoots and howls with incredible vigour!
You hear a bark!
You hit the gnoll. You bite the gnoll, but do no damage.
The gnoll is lightly wounded.
The gnoll barely misses you.
You hit the gnoll.
The gnoll is poisoned.
The gnoll is heavily wounded.
The gnoll hits you with a +0 club. The gnoll closely misses you.
You hit the gnoll.
The gnoll looks as sick as possible!
You bite the gnoll.
You kill the gnoll!
The howler monkey hoots and howls with incredible vigour!
You hear a shout!
The howler monkey barely misses you.
The gnoll sergeant hits you from afar with a +0 trident of venom.
You fly upwards.
There is a stone staircase leading down here.
You hit the howler monkey.
The howler monkey is poisoned.
You bite the howler monkey. You drain its power.
The howler monkey is heavily wounded.
The howler monkey hits you.
You hit the howler monkey.
You bite the howler monkey, but do no damage.
The howler monkey is almost dead.
The howler monkey hits you but does no damage.
The howler monkey hoots and howls with incredible vigour!
You barely miss the howler monkey. You bite the howler monkey.
You kill the howler monkey!
There is a stone staircase leading down here.
You start waiting.
Done waiting.
You fly downwards.
There is a stone staircase leading up, spattered with blood here.
You see here a +0 club.
The gnoll sergeant hits you with a +0 trident of venom!
You hit the gnoll sergeant.
The gnoll sergeant is poisoned.
You punch the gnoll sergeant. The gnoll sergeant blocks your attack.
The gnoll sergeant is lightly wounded.
The gnoll sergeant hits you with a +0 trident of venom!
You are poisoned.
You barely miss the gnoll sergeant.
The gnoll sergeant is moderately wounded.
You feel very sick.
The gnoll sergeant hits you with a +0 trident of venom!
You hit the gnoll sergeant.
You bite the gnoll sergeant, but do no damage.
The gnoll sergeant is moderately wounded.
You feel very sick.
The gnoll sergeant hits you with a +0 trident of venom.
* * * LOW HITPOINT WARNING * * *
Your system rejects the healing.
You feel better.
The gnoll sergeant hits you with a +0 trident of venom.
* * * LOW HITPOINT WARNING * * *
You hit the gnoll sergeant but do no damage.
The gnoll sergeant looks as sick as possible!
The gnoll sergeant is heavily wounded.
The gnoll sergeant hits you with a +0 trident of venom!
You die...

Skill      XL: |  1  2  3  4  5  6  7 |
---------------+----------------------+-----
Fighting       | 2 3 4 5 |  5.4
Dodging        | 1 2 3 |  3.2
Stealth        | 5 6 |  6.0
Armour         | 1 2 |  2.8
Short Blades   | |  1.7
Throwing       | |  1.7

Action                   |  1- 3 |  4- 6 |  7- 9 || total
-------------------------+-------+-------+-------++-------
Melee: Dagger            |    78 |       |       ||    78
       Bite              |    22 |    40 |    29 ||    91
       Whip              |     7 |   133 |    70 ||   210
       Punch             |     2 |     1 |     2 ||     5
Throw: Dart              |       |       |     1 ||     1
  Use: Scroll            |       |     4 |     1 ||     5
       Potion            |       |       |     1 ||     1
 Stab: Sleeping          |     6 |     4 |     1 ||    11
       Distracted        |       |       |     1 ||     1
Armor: Robe              |    10 |       |       ||    10
       Ring mail         |    14 |    39 |    18 ||    71
Dodge: Dodged            |    36 |    71 |    43 ||   150

Levels and vault maps discovered:
D:1:      dpeg_arrival_pond, layout_basic, minmay_misc_feat_iff
D:2:      layout_rooms, solitary_fountain, uniq_natasha, uniq_jessica
D:3:      layout_basic, grunt_temple_overflow_champion_of_chaos,
          shapermc_ecumenical_altar_mp_highgroup, minmay_misc_feat_chi,
          uniq_terence
D:4:      layout_rooms, grunt_temple_overflow_magic_moments
D:5:      cheibrodos_fzero, layout_basic, mainiacjoe_overflow_alcove_3,
          lemuel_temple_firewalk_b

Notes
Turn   | Place    | Note
-------+----------+-------------------------------------------
     0 | D:1      | scionoferis the Vine Stalker Brigand began the quest for
                  | the Orb.
     0 | D:1      | Reached XP level 1. HP: 11/11 MP: 2/2
    28 | D:1      | Reached skill level 2 in Fighting
   218 | D:1      | Reached skill level 1 in Dodging
   226 | D:1      | Reached skill level 5 in Stealth
   226 | D:1      | Reached XP level 2. HP: 15/15 MP: 3/3
   888 | D:1      | Reached XP level 3. HP: 19/19 MP: 4/4
  1175 | D:2      | Identified the +4 whip of Untruth {venom, *Noise Fly rC+
                  | Int+2}
  1191 | D:2      | Gained mutation: Your natural rate of healing is unusually
                  | fast. [Vine Stalker growth]
  1191 | D:2      | Reached XP level 4. HP: 16/23 MP: 3/5
  1238 | D:2      | Reached skill level 3 in Fighting
  1401 | D:2      | Reached skill level 1 in Armour
  1436 | D:2      | Noticed Natasha
  1445 | D:2      | Killed Natasha
  1445 | D:2      | Noticed Jessica
  1446 | D:2      | Reached XP level 5. HP: 24/28 MP: 4/6
  1474 | D:2      | Killed Jessica
  1526 | D:2      | Noticed Natasha
  1536 | D:2      | Killed Natasha
  1537 | D:2      | Reached skill level 2 in Dodging
  1559 | D:2      | Noticed Natasha
  1564 | D:2      | Killed Natasha
  1848 | D:3      | Reached skill level 6 in Stealth
  1848 | D:3      | Reached XP level 6. HP: 33/33 MP: 4/7
  2035 | D:3      | Found a faded altar of an unknown god.
  2155 | D:3      | Noticed Terence
  2168 | D:3      | Reached skill level 4 in Fighting
  2173 | D:3      | Killed Terence
  2285 | D:3      | Found a burning altar of Makhleb.
  2285 | D:3      | Found a shimmering altar of Xom.
  2456 | D:4      | Reached skill level 2 in Armour
  2536 | D:3      | Reached XP level 7. HP: 14/38 MP: 5/8
  2856 | D:4      | Found a radiant altar of Vehumet.
  2856 | D:4      | Found an ancient bone altar of Kikubaaqudgha.
  2857 | D:4      | Found a shimmering blue altar of Sif Muna.
  2864 | D:4      | Got Vehumet's Catalogue of Outbursts
  3019 | D:5      | Entered Level 5 of the Dungeon
  3074 | D:5      | Reached skill level 5 in Fighting
  3130 | D:5      | Reached skill level 3 in Dodging
  3538 | D:5      | Slain by a gnoll sergeant

Vanquished Creatures
  A scorpion (D:4)
  2 howler monkeys (D:5 D:4)
  A crimson imp (D:3)
  2 hounds (D:4 D:5)
  A jelly (D:5)
  An orc priest (D:5)
  A gnoll bouda (D:3)
  Jessica (D:2)
  An iguana (D:5)
  Terence (D:3)
  Natasha (thrice) (D:2)
  12 gnolls (D:1 D:2 D:4 D:3 D:5)
  7 adders (D:2 D:3 D:4)
  An ufetubus (D:4)
  A worm (D:2)
  3 dart slugs (D:1 D:3 D:4)
  5 orcs (D:4 D:5)
  2 endoplasms (D:1 D:2)
  A giant cockroach (D:2)
  6 goblins (D:1 D:3 D:4)
  9 hobgoblins (D:1 D:2 D:3 D:4)
  4 jackals (D:3)
  10 kobolds (D:1 D:2 D:3)
  6 quokkas (D:1 D:2 D:4)
  8 ball pythons (D:1 D:2 D:3)
  9 bats (D:1 D:2 D:3)
  A frilled lizard (D:2)
  3 rats (D:2 D:3)
103 creatures vanquished.

Table legend: (Time is in decaauts)
 A = Elapsed time spent in this place.
 B = Non-inter-level travel time spent in this place.
 C = Inter-level travel time spent in this place.
 D = Time resting spent in this place.
 E = Time spent auto-exploring this place.
 F = Levels seen in this place.
 G = Mean time per level.
                   A        B        C        D        E       F      G
               +--------+--------+--------+--------+--------+-----+--------+
         Total |   3559 |   3366 |    193 |    613 |   1804 |   5 |  711.8 |
       Dungeon |   3559 |   3366 |    193 |    613 |   1804 |   5 |  711.8 |
               +--------+--------+--------+--------+--------+-----+--------+

Top non-repeatable levels by time:
     D:1: 1189 daAuts
     D:3: 865 daAuts
     D:2: 565 daAuts
     D:4: 524 daAuts
     D:5: 415 daAuts

Table legend:
 A = Non-vault XP
 B = Vault XP
 C = Vault XP percentage of total XP
 D = Non-vault monster count
 E = Vault monster count
 F = Vault count percentage of total count
                 A         B        C        D         E       F
            +---------+---------+-------+---------+---------+-------
      Total |     847 |     225 |  21.0 |      97 |       6 |   5.8
            +---------+---------+-------+---------+---------+-------
        D:1 |      63 |       0 |   0.0 |      23 |       0 |   0.0
        D:2 |     175 |      72 |  29.1 |      25 |       2 |   7.4
        D:3 |     113 |      84 |  42.6 |      22 |       2 |   8.3
        D:4 |     266 |      55 |  17.1 |      18 |       1 |   5.3
        D:5 |     230 |      14 |   5.7 |       9 |       1 |  10.0
            +---------+---------+-------+---------+---------+-------
